 Dungeon Crawl Stone Soup version 0.31-a0-145-g046c7d2549 (webtiles) character file.

Game seed: 4190144406445821334

16 MackTheKnife the Sneak (level 2, 0/15 HPs)
             Began as a Kobold Enchanter on June 5, 2023.
             Killed from afar by Natasha (6 damage)
             ... with a magic dart
             ... on level 2 of the Dungeon.
             The game lasted 00:01:05 (417 turns).

MackTheKnife the Sneak (Kobold Enchanter)            Turns: 417, Time: 00:01:05

Health: 0/15       AC:  2    Str:  5    XL:     2   Next: 75%
Magic:  5/5        EV: 15    Int: 16    God:
Gold:   40         SH:  0    Dex: 15    Spells: 4/6 levels left

rFire   . . .        a - +1 dagger {short}
rCold   . . .        (no shield)
rNeg    . . .        b - +0 robe
rPois   .            (no helmet)
rElec   .            (no cloak)
rCorr   .            (no gloves)
SInv    .            (no boots)
Will    .....        (no amulet)
Stlth   ++++         (no ring)
HPRegen 0.22/turn    (no ring)
MPRegen 0.09/turn

%: no passive effects
@: slowed, invisible, very slow
A: small, no large weapons, nightstalker 3
a: no special abilities


You were on level 2 of the Dungeon.
You visited 1 branch of the dungeon, and saw 3 of its levels.

You collected 40 gold pieces.


Innate Abilities, Weirdness & Mutations

You are small and have problems with some larger weapons.
You are completely attuned to the shadows.


   Skills:
 - Level 1.3 Short Blades
 - Level 2.4 Dodging
 - Level 4.0 Stealth
 + Level 2.7 Spellcasting
 + Level 3.4 Hexes


You had 4 spell levels left.
You knew the following spells:

 Your Spells              Type           Power      Damage    Failure   Level
a - Ensorcelled Hibernat  Hex/Ice        14%        N/A       14%         2

Your spell library contained the following spells:

 Spells                   Type           Power      Damage    Failure   Level
 Confusing Touch          Hex            13%        N/A       14%         3
 Tukima's Dance           Hex            13%        N/A       14%         3
 Dazzling Flash           Conj/Hex       14%        N/A       28%         3

Inventory:

Hand Weapons
 a - a +1 dagger (weapon) {short}
Armour
 b - a +0 robe (worn)
 e - a +0 cloak
   (You found it on level 1 of the Dungeon)
Scrolls
 g - a scroll of magic mapping {unknown}
 h - a scroll of fog {unknown}
 i - a scroll of butterflies {unknown}
Potions
 c - a potion of invisibility
 d - 2 potions of enlightenment {unknown}
 f - 2 potions of resistance {unknown}

Dungeon Overview and Level Annotations

Branches:
Dungeon (3/15) Zot: 17579

Altars:

Annotations:
D:2 Natasha

#.......... #.......)..
##...###.... #####...##
##... ###......## ##.#.
##...###.######..#. #
##..####..##.....##.
##.#.h##....##.........
#..#.#@..#.....######.#
#..Kh#.......#######..#
#....##.....#####....##
......#...........####
..............######
...........###....#######
#.........### ####........
#.........## #########
#..........########.......


You could see Natasha.


Message History

Press: ? - help, v - describe, . - travel
Here: a kobold, wielding a +2 dagger of speed The floor.
Unknown command.
You climb downwards.
There is a stone staircase leading up here.
The helpless ball python fails to defend itself.
You impale the ball python!!
You kill the ball python!
A quokka comes into view.
Found a scroll labelled LEID TOXTE.
Found an escape hatch in the ceiling.
A quokka is nearby!
The helpless quokka fails to defend itself.
You puncture the quokka!
You kill the quokka!
You see here a quokka corpse.
i - a scroll labelled LEID TOXTE A hobgoblin comes into view.
A hobgoblin is nearby!
A quokka comes into view.
Found a stone staircase leading up.
The helpless hobgoblin fails to defend itself.
You impale the hobgoblin!!
You kill the hobgoblin!
A quokka is nearby!
The helpless quokka fails to defend itself.
You puncture the quokka!
You kill the quokka!
Found 6 poisoned darts.
Found a stone staircase leading down.
There is a stone staircase leading up, spattered with blood here.
You climb upwards.
Level annotation: Natasha
There is a stone staircase leading down here.
A goblin comes into view. It is wielding a +0 dagger.
You see here 15 gold pieces.
You now have 40 gold pieces (gained 15).
You see here a +0 mace {mace}.
The helpless goblin fails to defend itself.
You impale the goblin!!
You kill the goblin!
A kobold comes into view. It is wielding a +0 whip.
A kobold is nearby!
The helpless kobold fails to defend itself.
You puncture the kobold!
You kill the kobold!
A ball python comes into view.
A ball python is nearby!
A bat comes into view.
The helpless ball python fails to defend itself.
You impale the ball python!!
You kill the ball python!
The helpless bat fails to defend itself.
You impale the bat!!
You kill the bat!
f - 2 fizzy green potions (gained 1) Natasha is nearby!
Natasha is nearby!
Natasha hisses angrily.
Natasha looks drowsy...
You hear a shout! 😎 MP[-2]
You lost 2 mp, and now have 3/5 mp.
Natasha hisses angrily.
You hit Natasha. Natasha closely misses you.
Natasha stares at you and mumbles some strange words.
The magic dart hits you!
Ouch! That really hurt!
* * * LOW HITPOINT WARNING * * *
😨 HP[-9]
You take 9 damage, and now have 6/15 hp.
MASSIVE DAMAGE!! (PAUSE) Natasha attacks as you move away!
Natasha claws you but does no damage.
Natasha stares at you and mumbles some strange words.
You feel yourself slow down. 😨 HP[+1] Unknown command.
You fade into invisibility! 😨 MP[+1] Unknown command.
You hit Natasha. Natasha barely misses you. Natasha misses you.
You barely miss Natasha. Natasha barely misses you. 😮 HP[+1]
You aren't carrying any items that you can evoke.
Unknown command.
You barely miss Natasha. Natasha claws you.
* * * LOW HITPOINT WARNING * * *
Natasha closely misses you. 😨 HP[-3]
You take 3 damage, and now have 5/15 hp.
You hit Natasha. Natasha closely misses you.
You hit Natasha. Natasha closely misses you.
You barely miss Natasha. Natasha misses you.
Natasha barely misses you. 😨 HP[+1]
You barely miss Natasha.
Natasha stares at you and mumbles some strange words.
You resist with significant effort.
You hit Natasha. Natasha completely misses you. Natasha casts a spell at you.
The magic dart hits you.
You die...

Action                     || total
---------------------------++-------
  Melee: Dagger            ||    32
   Cast: Ensorcelled Hiber ||     1
    Use: Potion            ||     1
   Stab: Sleeping          ||    11
 Armour: Robe              ||     3
  Dodge: Dodged            ||    20

Levels and vault maps discovered:
D:1:      wander_arrival_abandoned_jail, layout_basic, serial_shops,
          nicolae_shop_behind_doors
D:2:      layout_rooms, uniq_crazy_yiuf_cottage, uniq_robin, uniq_natasha
D:3:      layout_rooms, hellmonk_ecumenical_altar_pennies_from_heaven,
          hex_intersection, wander_ebering_terrifying_dragon_lair

Notes
Turn   | Place    | Note
-------+----------+-------------------------------------------
     0 | D:1      | MackTheKnife the Kobold Enchanter began the quest for the
                  | Orb.
     0 | D:1      | Reached XP level 1. HP: 10/10 MP: 3/3
     0 | D:1      | magus.rc [v1.9.6]
   134 | D:1      | You fall into a shaft and drop 1 floor!
   159 | D:2      | Reached XP level 2. HP: 15/15 MP: 5/5
   162 | D:2      | Learned a level 2 spell: Ensorcelled Hibernation
   285 | D:2      | Noticed Natasha
   417 | D:2      | Killed from afar by Natasha

Vanquished Creatures
  An endoplasm (D:1)
  A giant cockroach (D:1)
  2 goblins (D:2)
  A hobgoblin (D:3)
  2 kobolds (D:2)
  3 quokkas
  2 ball pythons
  A bat (D:2)
  A frilled lizard (D:1)
  A rat (D:2)
15 creatures vanquished.

Table legend:
 A = Non-vault XP
 B = Vault XP
 C = Vault XP percentage of total XP
 D = Non-vault monster count
 E = Vault monster count
 F = Vault count percentage of total count
                 A         B        C        D         E       F
            +---------+---------+-------+---------+---------+-------
      Total |      24 |       0 |   0.0 |      15 |       0 |   0.0
            +---------+---------+-------+---------+---------+-------
        D:1 |       7 |       0 |   0.0 |       4 |       0 |   0.0
        D:2 |      10 |       0 |   0.0 |       7 |       0 |   0.0
        D:3 |       7 |       0 |   0.0 |       4 |       0 |   0.0
            +---------+---------+-------+---------+---------+-------

Action                     || total
---------------------------++-------
  Melee: Dagger            ||    32
   Cast: Ensorcelled Hiber ||     1
    Use: Potion            ||     1
   Stab: Sleeping          ||    11
 Armour: Robe              ||     3
  Dodge: Dodged            ||    20

Illustrated notes

Table legend:
 A = Kills in this place as a percentage of kills in the entire game.
 B = Kills by you in this place as a percentage of kills by you in the entire game.
 C = Kills by friends in this place as a percentage of kills by friends in the entire game.
 D = Other kills in this place as a percentage of other kills in the entire game.
 E = Experience gained in this place as a percentage of experience gained in the entire game.
 F = Experience gained in this place divided by the number of levels of this place that you have seen.
                   A       B       C       D       E      F
               +-------+-------+-------+-------+-------+----------------------
         Total | 100.0 | 100.0 |   N/A |   N/A | 100.0 |   8.0
       Dungeon | 100.0 | 100.0 |   N/A |   N/A | 100.0 |   8.0
               +-------+-------+-------+-------+-------+----------------------

Table legend: (Time is in decaauts)
 A = Elapsed time spent in this place.
 B = Non-inter-level travel time spent in this place.
 C = Inter-level travel time spent in this place.
 D = Time resting spent in this place.
 E = Time spent auto-exploring this place.
 F = Levels seen in this place.
 G = Mean time per level.
                   A        B        C        D        E       F      G
               +--------+--------+--------+--------+--------+-----+--------+
         Total |    418 |    418 |      0 |      0 |    305 |   3 |  139.3 |
       Dungeon |    418 |    418 |      0 |      0 |    305 |   3 |  139.3 |
               +--------+--------+--------+--------+--------+-----+--------+

Top non-repeatable levels by time:
     D:2: 245 daAuts
     D:1: 133 daAuts
     D:3: 39 daAuts
